 Dungeon Crawl Stone Soup version 0.13.0-59-g13bd910 (webtiles) character file.

702 Lilouch the Magician (level 7, -3/46 HPs)
             Began as a Mummy Fire Elementalist on Nov 20, 2013.
             Slain by a crimson imp
             ... wielding a -1,+1 orcish flail
              (8 damage)
             ... on Level 5 of the Dungeon.
             The game lasted 00:31:29 (5990 turns).

Lilouch the Magician (Mummy Fire Elementalist)      Turns: 5990, Time: 00:31:29

HP  -3/46        AC  2     Str 11      XL: 7   Next:  6%
MP  16/16        EV 12     Int 16      God:
Gold 156         SH  0     Dex 12      Spells:  4 memorised,  5 levels left

Res.Fire  : x . .   See Invis. : .   t - +0,+2 dagger (venom)
Res.Cold  : + . .   Warding    : .   l - +0 robe
Life Prot.: + + +   Conserve   : .   (no shield)
Res.Poison: +       Res.Corr.  : .   (no helmet)
Res.Elec. : .       Clarity    : .   (no cloak)
Sust.Abil.: . .     Spirit.Shd : .   (no gloves)
Res.Mut.  : .       Stasis     : .   (no boots)
Res.Rott. : +       Flight     : .   (no amulet)
Saprovore : . . .                    (no ring)
                                     w - cursed ring of hunger

@: somewhat resistant to hostile enchantments, unstealthy
A: no food or potions, fire vulnerability, restore body, cold resistance 1, life
protection 3, poison resistance, torment resistance, unbreathing
a: no special abilities


You were on level 5 of the Dungeon.
You were not hungry.

You visited 1 branch of the dungeon, and saw 5 of its levels.

You collected 136 gold pieces.

Inventory:

Hand weapons
 i - a +0,+0 whip
 j - a +1,+2 elven short sword of venom
 o - a +0,+1 orcish dagger (quivered)
 q - a cursed +0,+0 elven dagger
 t - a +0,+2 dagger of venom (weapon)
 D - a +0,+1 orcish hand axe
 L - a +0,+0 spear
 N - a +0,+1 orcish dagger
 O - a +0,+0 orcish dagger
 P - a -2 blowgun
 Q - a +0,+0 dagger
Missiles
 R - 6 poisoned needles
Armour
 l - a +0 robe (worn)
Magical devices
 G - a wand of frost (6)
Comestibles
 h - 2 bread rations
 z - 3 apricots
 A - 2 pears
 B - an orange
 F - an apple
 I - a choko
Scrolls
 c - a scroll of curse armour {unknown}
 e - 4 scrolls of teleportation
 k - 4 scrolls of fear
 n - 3 scrolls of recharging
 r - a scroll of enchant weapon I
 s - 2 scrolls of random uselessness
 u - a scroll of noise {unknown}
 v - 2 scrolls of fog
 x - a scroll of curse jewellery {unknown}
 y - a scroll of enchant weapon II {unknown}
 C - 2 scrolls of magic mapping
 E - a scroll of immolation {unknown}
Jewellery
 w - a cursed ring of hunger (left hand)
 K - an uncursed ring of positive energy
Potions
 d - a potion of heal wounds {unknown}
 f - a potion of curing {unknown}
 g - a potion of brilliance {unknown}
 m - a potion of degeneration {unknown}
 H - a potion of might {unknown}
 J - a potion of magic {unknown}
Books
 a - a book of Minor Magic

   Spells                             Type                      Level
   Magic Dart                         Conjuration                  1
   Blink                              Translocation                2
   Call Imp                           Summoning                    2
   Repel Missiles                     Charms/Air                   2
   Slow                               Hexes                        2
   *Conjure Flame                     Conjuration/Fire             3
   *Mephitic Cloud                    Conjuration/Poison/Air       3
 b - a book of Flames

   Spells                             Type                      Level
   *Flame Tongue                      Conjuration/Fire             1
   *Throw Flame                       Conjuration/Fire             2
   *Conjure Flame                     Conjuration/Fire             3
   Inner Flame                        Hexes/Fire                   3
   Sticky Flame                       Conjuration/Fire             4
   Fireball                           Conjuration/Fire             5


   Skills:
 - Level 1.5 Dodging
 - Level 1.5 Stealth
 + Level 4.3 Spellcasting
 + Level 3.3 Conjurations
 + Level 4.2 Fire Magic


You had 5 spell levels left.
You knew the following spells:

 Your Spells              Type           Power        Failure   Level  Hunger
a - Flame Tongue          Conj/Fire      ###..        4%          1    N/A
b - Throw Flame           Conj/Fire      ###...       8%          2    N/A
c - Conjure Flame         Conj/Fire      ###.....     12%         3    N/A
d - Mephitic Cloud        Conj/Pois/Air  #.......     34%         3    N/A

Dungeon Overview and Level Annotations

Branches:
Dungeon (5/27)
 Temple: D:4-7

Altars:
Fedhas

Annotations:
D:3 Grinder
D:4 Eustachio


Innate Abilities, Weirdness & Mutations

You do not eat or drink.
Your flesh is vulnerable to fire.
Your flesh is cold resistant.
You are immune to negative energy.
Your system is resistant to poisons.
You are immune to unholy pain and torment.
You can survive without breathing.


Message History

L - a spear The crimson imp misses you.
The crimson imp picks up a beetle and eats it.
The crimson imp hits you with an orcish flail.
* * * LOW HITPOINT WARNING * * *
Things that are here:
an orcish hand axe; an elven dagger; an orcish club; an orcish dagger
There are several objects here.
Pick up an orcish hand axe? ((y)es/(n)o/(a)ll/(m)enu/*?g,/q)
q - an elven dagger;
o - an orcish dagger;
D - an orcish hand axe The crimson imp lashes its tail.
The crimson imp hits you with an orcish flail.
* * * LOW HITPOINT WARNING * * *
The crimson imp hits you with an orcish flail.
* * * LOW HITPOINT WARNING * * *
The crimson imp blinks!
The crimson imp barely misses you.
You barely miss the crimson imp.
The crimson imp hits you with an orcish flail!
You die...

....#.....# #...# ....#..####
#...# ....#..# #...# ##.#...#
###.# ##.#...# #.# ...#.).#######
#.# ##### ...##....#...# #.#
#...#
.....[...#...########.###...#####
................@5...............
.....[..).............###......##
....)#...##.####................)
..)###...##.########...........##
..)# #.[)##.#....................
##[# ####...#.#######............
##.######...#...............#####
...............###...#####)###
##.###.........# #...# #(..#


You could see a crimson imp.

Vanquished Creatures
  A jelly (D:5)
  3 iguanas
  4 orc wizards
  5 worker ants
  Ijyb (D:2)
  Jessica (D:3)
  An ogre skeleton (D:5)
  5 adders
  2 worms
  6 giant geckos
  An ooze (D:4)
  11 orcs
  11 bats
  4 giant cockroaches
  12 goblins
  10 hobgoblins
  9 kobolds
  A quokka (D:1)
  A ball python (D:2)
  6 giant newts
  A goblin skeleton (D:4)
  A hobgoblin zombie (D:5)
  A jackal zombie (D:5)
  13 rats
111 creatures vanquished.

Notes
Turn   | Place    | Note
--------------------------------------------------------------
     0 | D:1      | Lilouch, the Mummy Fire Elementalist, began the quest for the Orb.
     0 | D:1      | Reached XP level 1. HP: 13/13 MP: 3/3
   339 | D:1      | Reached XP level 2. HP: 19/19 MP: 4/4
   370 | D:1      | Reached skill level 1 in Conjurations
   972 | D:2      | Reached XP level 3. HP: 17/24 MP: 1/6
  1307 | D:2      | Found a blossoming altar of Fedhas.
  1349 | D:2      | Learned a level 2 spell: Throw Flame
  1353 | D:2      | Learned a level 3 spell: Conjure Flame
  1746 | D:2      | Reached skill level 3 in Fire Magic
  1893 | D:1      | Reached XP level 4. HP: 30/30 MP: 0/8
  2170 | D:2      | Noticed Ijyb
  2196 | D:2      | Killed Ijyb
  2673 | D:3      | Noticed Grinder
  2883 | D:3      | Noticed Jessica
  2901 | D:3      | Killed Jessica
  3182 | D:4      | Reached XP level 5. HP: 23/35 MP: 2/10
  3964 | D:4      | Noticed Eustachio
  3973 | D:5      | Entered Level 5 of the Dungeon
  4153 | D:5      | Reached XP level 6. HP: 41/41 MP: 7/13
  4303 | D:5      | Reached skill level 4 in Spellcasting
  5136 | D:5      | Reached XP level 7. HP: 23/46 MP: 3/16
  5225 | D:5      | HP: 2/46 [orc wizard/orcish dagger (3)]
  5499 | D:5      | Learned a level 3 spell: Mephitic Cloud
  5990 | D:5      | Slain by a crimson imp

Action                   |  1- 3 |  4- 6 |  7- 9 || total
-------------------------+-------+-------+-------++-------
Melee: Whip              |    30 |       |       ||    30
       Short sword       |    29 |    56 |       ||    85
       Dagger            |       |    34 |    85 ||   119
       Blowgun           |       |       |     2 ||     2
 Fire: Blowgun           |       |       |     3 ||     3
Throw: Club              |    14 |    29 |     2 ||    45
       Dagger            |     2 |     9 |     6 ||    17
       Hand axe          |       |       |     1 ||     1
       Spear             |       |       |     1 ||     1
 Cast: Flame Tongue      |    48 |    83 |     4 ||   135
       Conjure Flame     |     1 |     9 |       ||    10
       Throw Flame       |       |    23 |     1 ||    24
       Mephitic Cloud    |       |       |     2 ||     2
  Use: Scroll            |       |     6 |     4 ||    10
 Stab: Sleeping          |       |     1 |       ||     1
